 Dungeon Crawl Stone Soup version 0.28.0-1-gb440e238dd (webtiles) character file.

Game seed: 3973353617065691556

182 smarlow the Skirmisher (level 5, -1/48 HPs)
             Began as a Minotaur Fighter on Feb 25, 2022.
             Slain by Edmund (10 damage)
             ... on level 4 of the Dungeon.
             The game lasted 00:03:49 (2565 turns).

smarlow the Skirmisher (Minotaur Fighter)           Turns: 2565, Time: 00:03:49

Health: -1/48      AC:  8    Str: 22    XL:     5   Next: 35%
Magic:  4/4        EV:  9    Int: 11    God:
Gold:   174        SH:  4    Dex: 10    Spells: 4/4 levels left

rFire   . . .      SeeInvis .   a - +0 war axe
rCold   . . .      Faith    .   c - +0 buckler
rNeg    . . .      Spirit   .   b - +0 scale mail
rPois   .          Reflect  .   (helmet restricted)
rElec   .          Harm     .   g - +0 cloak
rCorr   .          Rampage  .   (no gloves)
Will    .....                   (no boots)
Stlth   ..........              (no amulet)
HPRegen 0.16/turn               q - +6 ring of intelligence
MPRegen 0.09/turn               (no ring)

@: mighty
A: horns 2, retaliatory headbutt
a: no special abilities


You were on level 4 of the Dungeon.
You visited 1 branch of the dungeon, and saw 4 of its levels.

You collected 174 gold pieces.

Inventory:

Hand Weapons
 a - a +0 war axe (weapon)
Armour
 b - a +0 scale mail (worn)
 c - a +0 buckler (worn)
 g - a +0 cloak (worn)
Jewellery
 q - a +6 ring of intelligence (left hand)
Wands
 o - a wand of polymorph (12)
Scrolls
 k - 2 scrolls of identify
 n - a scroll of fog {unknown}
Potions
 e - a potion of attraction {unknown}
 f - a potion of berserk rage {unknown}
 h - 2 potions of heal wounds
 i - a potion of brilliance
 j - a potion of curing {unknown}
 l - a potion of resistance {unknown}
 m - 2 potions of flight {unknown}
 p - a potion of mutation {unknown}
 r - a potion of magic {unknown}


   Skills:
 * Level 5.4 Fighting
 + Level 3.6 Axes
 + Level 4.6 Armour
 + Level 4.6 Shields


You had 4 spell levels left.
You didn't know any spells.
Your spell library contained the following spells:

 Spells                   Type           Power      Damage    Failure   Level
 Animate Skeleton         Necr           0%         N/A       75%         1
 Pain                     Necr           0%         1d4       75%         1
 Gell's Gravitas          Tloc           0%         N/A       98%         3
 Lesser Beckoning         Tloc           0%         N/A       98%         3
 Teleport Other           Tloc           0%         N/A       98%         3
 Vampiric Draining        Necr           0%         2d6       98%         3


Dungeon Overview and Level Annotations

Branches:
Dungeon (4/15)
 Temple: D:4-7

Altars:
Qazlal
Zin
The Shining One

Annotations:
D:4 Edmund


Innate Abilities, Weirdness & Mutations

You have a pair of horns on your head.
You reflexively headbutt those who attack you in melee.


Message History

r - a fuming blue potion You see here a hobgoblin corpse.
Things that are here:
a +0 whip; a ball python corpse; an orc corpse
There is a stone staircase leading up here.
Found a robe.
Found a stone staircase leading down.
You now have 149 gold pieces (gained 12).
There is a stone staircase leading up here.
You now have 164 gold pieces (gained 15).
You now have 174 gold pieces (gained 10).
Edmund is nearby!
Edmund is nearby!
Edmund shouts!
You feel very mighty all of a sudden.
Edmund says, "I might not be good at magic, but I can still kill you!"
You barely miss Edmund.
Edmund hits you with a +2 dire flail of protection.
You hit Edmund. You headbutt Edmund.
Edmund is moderately wounded.
Edmund says, "People will remember me!
They'll remember me and die!"
Edmund hits you with a +2 dire flail of protection.
You slash Edmund!
Edmund is heavily wounded.
Edmund hits you with a +2 dire flail of protection! x2
You barely miss Edmund.
Edmund is moderately wounded.
Edmund hits you with a +2 dire flail of protection.
* * * LOW HITPOINT WARNING * * *
You hit Edmund.
Edmund is heavily wounded.
Edmund hits you with a +2 dire flail of protection.
* * * LOW HITPOINT WARNING * * *
Edmund hits you but does no damage.
You barely miss Edmund.
Edmund is heavily wounded.
You block Edmund's attack.
You closely miss Edmund.
Edmund is heavily wounded.
Edmund hits you with a +2 dire flail of protection!
You die...

....##.@#..##..###
...##..#.#. ##...### .###
#._.# ###...# ...##..#
#..##.....# ....##.
.##..##.## .....#
#...#..# ......
##..#...####
.......###..##.@###.#
..##....#..###..@...###
..##....#......##.....#
.###...........##.....#
####...........#.#....##
.##..............##....##
............###.........#
..........†..###.......##
.....#.....)..#.....#.##
..............##.......#


You could see Edmund.

Vanquished Creatures
  A jelly (D:4)
  6 adders
  A howler monkey skeleton (D:4)
  2 worms
  7 orcs
  13 ball pythons
  4 endoplasms
  5 giant cockroaches
  8 goblins
  8 hobgoblins
  3 jackals (D:3)
  6 kobolds
  A quokka (D:1)
  3 bats (D:1)
  A frilled lizard (D:2)
  3 rats
  A toadstool (D:1)
73 creatures vanquished.

Vanquished Creatures (others)
  A hound skeleton (D:4)
  3 plants (D:1)
  3 toadstools (D:1)
7 creatures vanquished.

Grand Total: 80 creatures vanquished

Notes
Turn   | Place    | Note
-------+----------+-------------------------------------------
     0 | D:1      | smarlow the Minotaur Fighter began the quest for the Orb.
     0 | D:1      | Reached XP level 1. HP: 19/19 MP: 0/0
   127 | D:1      | Reached XP level 2. HP: 24/27 MP: 1/1
   175 | D:1      | Reached skill level 4 in Fighting
   614 | D:2      | Reached XP level 3. HP: 34/34 MP: 2/2
   775 | D:2      | Found a faded altar of an unknown god.
  1217 | D:3      | Reached XP level 4. HP: 41/41 MP: 3/3
  1443 | D:3      | Reached skill level 5 in Fighting
  1968 | D:3      | Found a glowing silver altar of Zin.
  2165 | D:4      | Reached XP level 5. HP: 35/48 MP: 4/4
  2262 | D:4      | Found a stormy altar of Qazlal.
  2398 | D:4      | Found a glowing golden altar of the Shining One.
  2411 | D:4      | Noticed Edmund
  2565 | D:4      | Slain by Edmund

Illustrated notes

Levels and vault maps discovered:
D:1:      ldierk_water_garden, layout_rooms, chequers_jeans,
          minmay_shallow_snake_nest
D:2:      layout_rooms, hellmonk_ecumenical_altar_crossroads
D:3:      layout_loops_corners, mainiacjoe_overflow_brackets,
          kennysheep_small_spiral, hangedman_decor_peaks_small,
          chequers_arboretum, guppyfry_early_orc_mine
D:4:      layout_cave_pools, tso_metal_star, nicolae_qazlal_scattered_showers,
          lemuel_temple_firewalk_a, uniq_edmund

Skill      XL: |  1  2  3  4 |
---------------+-------------+-----
Fighting       | 4 5 |  5.4
Armour         | 4 |  4.6
Shields        | 4 |  4.6
Axes           | 3 |  3.6

Action                   |  1- 3 |  4- 6 || total
-------------------------+-------+-------++-------
Melee: War axe           |    78 |    72 ||   150
       Headbutt          |     6 |     9 ||    15
  Use: Scroll            |     2 |     3 ||     5
       Potion            |       |     1 ||     1
Armor: Scale mail        |    41 |    33 ||    74
Dodge: Dodged            |    41 |    43 ||    84
Block: Buckler           |    24 |    12 ||    36
